 Dungeon Crawl Stone Soup version 0.30.1-9-gdf580d7c3d (webtiles) character file.

Game seed: 8901853729680050378

84 Ijustatesigmund the Firebug (level 4, -3/25 HPs)
             Began as a Deep Elf Fire Elementalist on Oct 5, 2023.
             Was an Initiate of Vehumet.
             Slain by an orc
             ... wielding a +0 flail
              (9 damage)
             ... on level 3 of the Dungeon.
             The game lasted 00:03:24 (2638 turns).

Ijustatesigmund the Firebug (DEFE)                  Turns: 2638, Time: 00:03:24

Health: -3/25      AC:  4    Str:  5    XL:     4   Next: 23%
Magic:  9/11       EV: 12    Int: 22    God:    Vehumet [......]
Gold:   30         SH:  0    Dex: 15    Spells: 7/10 levels left

rFire   . . .        j - +0 sling (flame)
rCold   . . .        (no shield)
rNeg    . . .        a - +0 robe
rPois   .            m - +2 hat
rElec   .            (no cloak)
rCorr   +            (no gloves)
SInv    .            (no boots)
Will    .....        f - amulet of magic regeneration
Stlth   ++           g - ring of resist corrosion
HPRegen 0.24/turn    (no ring)
MPRegen 0.52/turn

%: no passive effects
@: very slightly contaminated
A: no striking features
a: Renounce Religion


You were on level 3 of the Dungeon.
You worshipped Vehumet.
Vehumet was noncommittal.
You visited 1 branch of the dungeon, and saw 3 of its levels.

You collected 134 gold pieces.
You spent 104 gold pieces at shops.

Inventory:

Hand Weapons
 j - a +0 sling of flaming (weapon)
Armour
 a - a +0 robe (worn)
 m - a +2 hat (worn)
Jewellery
 f - an amulet of magic regeneration (around neck)
 g - a ring of resist corrosion (left hand)
Wands
 d - a wand of light (6)
Scrolls
 c - 2 scrolls of blinking
 i - 2 scrolls of immolation {unknown}
 k - a scroll of brand weapon {unknown}
 n - a scroll of enchant armour {unknown}
 q - a scroll of fear {unknown}
 r - a scroll of teleportation {unknown}
 t - a scroll of identify
Potions
 b - a potion of magic
 e - a potion of flight
 h - a potion of haste
 l - a potion of ambrosia
 o - 2 potions of mutation {unknown}
 p - 4 potions of might {unknown}
 s - 2 potions of berserk rage {unknown}


   Skills:
 - Level 1.1 Fighting
 + Level 1.5 Ranged Weapons
 - Level 2.4 Dodging
 - Level 2.4 Stealth
 + Level 3.8 Spellcasting
 + Level 2.2 Conjurations
 + Level 3.9 Fire Magic
 + Level 0.5 Evocations


You had 7 spell levels left.
You knew the following spells:

 Your Spells              Type           Power      Damage    Failure   Level
a - Foxfire               Conj/Fire      68%        2x1d7     3%          1
b - Scorch                Fire           42%        2d7       3%          2

Your spell library contained the following spells:

 Spells                   Type           Power      Damage    Failure   Level
 Magic Dart               Conj           56%        1d5       4%          1
 Searing Ray              Conj           28%        2d5       7%          2
 Apportation              Tloc           8%         N/A       12%         1
 Inner Flame              Hex/Fire       12%        N/A       16%         3
 Volatile Blastmotes      Fire/Tloc      24%        2d12      16%         3
 Ensorcelled Hibernation  Hex/Ice        8%         N/A       17%         2
 Passwall                 Tmut/Erth      3%         N/A       17%         2
 Sublimation of Blood     Necr           4%         N/A       17%         2
 Flame Wave               Conj/Fire      17%        2d7       32%         4
 Swiftness                Air            4%         N/A       34%         3
 Fulminant Prism          Conj/Hex       4%         3d5       58%         4
 Petrify                  Tmut/Erth      4%         N/A       75%         4
 Irradiate                Conj/Tmut      4%         3d13      90%         5
 Alistair's Intoxication  Tmut/Pois      2%         N/A       97%         5


Dungeon Overview and Level Annotations

Branches:
Dungeon (3/15)

Altars:
Ashenzari
Sif Muna
Vehumet
Xom
The Shining One

Shops:
D:2 (   D:3 *


Message History

There is an open door here.
You open the door. You open the door.
There is an open door here.
Found a stone staircase leading up.
You pick up a book of Conjurations and begin reading...
You add the spells Magic Dart, Searing Ray and Fulminant Prism to your library.
There is a stone staircase leading up here.
An orc comes into view. It is wielding a +0 flail.
The orc shouts!
You shoot a sling bullet. The sling bullet barely misses the orc.
No target in view!
An orc is nearby!
You shoot a sling bullet.
The sling bullet closely misses the orc.
You shoot a sling bullet.
The sling bullet hits the orc but does no damage.
The orc hits you with a +0 flail.
You shoot a sling bullet. The sling bullet hits the orc.
The sling bullet burns the orc.
The orc is severely wounded.
The orc hits you with a +0 flail.
You shoot a sling bullet.
The sling bullet hits the orc but does no damage.
The orc is severely wounded.
The orc hits you with a +0 flail.
You shoot a sling bullet.
The sling bullet hits the orc but does no damage.
The orc is severely wounded.
The orc hits you with a +0 flail! The orc hits you with a +0 flail.
* * * LOW HITPOINT WARNING * * *
You are too injured to fight recklessly!
You are too injured to fight recklessly!
An orc is nearby!
Casting: Scorch (safe; 3% risk of failure)
Confirm with . or Enter, or press ? or * to list all spells.
You miscast Scorch.
You are very lightly contaminated with residual magic.
Nothing appears to happen.
The orc hits you with a +0 flail!
You die...

##...## # ##'## ##
#.# .. #.# .###
##.## ..#
##...###### # #.#
#..........
#.#o######....######
#..@....<..#.##
#.....########.#
####### #.# ### ###
####♣♣♣♣♣♣8♣
##...........
#####..##♣♣♣♣♣♣8♣
##.#....###### ###
##.#..#####.#.# #.


You could see an orc.

Vanquished Creatures
  2 adders
  4 worms
  2 dart slugs
  4 bats
  3 endoplasms
  5 giant cockroaches
  6 goblins
  5 hobgoblins
  3 quokkas (D:1)
  3 ball pythons
  3 frilled lizards
  2 kobolds (D:1)
  4 rats
46 creatures vanquished.

Vanquished Creatures (others)
  87 foxfires
87 creatures vanquished.

Grand Total: 133 creatures vanquished

Notes
Turn   | Place    | Note
-------+----------+-------------------------------------------
     0 | D:1      | Ijustatesigmund the Deep Elf Fire Elementalist began the
                  | quest for the Orb.
     0 | D:1      | Reached XP level 1. HP: 10/10 MP: 6/6
   190 | D:1      | Reached XP level 2. HP: 16/16 MP: 4/8
   193 | D:1      | Learned a level 2 spell: Scorch
  1338 | D:2      | Found Omerauw's Weapon Shoppe.
  1354 | D:2      | Reached XP level 3. HP: 20/20 MP: 7/10
  1402 | D:2      | Found a shimmering blue altar of Sif Muna.
  1460 | D:2      | Reached skill level 1 in Fighting
  1498 | D:2      | Found a faded altar of an unknown god.
  1706 | D:2      | Reached skill level 1 in Ranged Weapons
  1899 | D:3      | Found a glowing golden altar of the Shining One.
  1929 | D:3      | Found a radiant altar of Vehumet.
  1935 | D:3      | Became a worshipper of Vehumet
  1972 | D:3      | Found a shimmering altar of Xom.
  2092 | D:3      | Found a broken altar of Ashenzari.
  2120 | D:3      | Reached XP level 4. HP: 23/25 MP: 11/11
  2448 | D:3      | Found Fegapol's General Store.
  2456 | D:3      | Bought a scroll of identify for 22 gold pieces
  2456 | D:3      | Bought a scroll of blinking for 82 gold pieces
  2638 | D:3      | Slain by an orc

Illustrated notes

Levels and vault maps discovered:
D:1:      minmay_arrival_arboretum_small, layout_basic, serial_corexii_hall,
          chequers_hall_statues_y, chequers_hall_statues_y
D:2:      layout_basic, serial_shops, shop,
          shapermc_ecumenical_altar_mp_ritualfount, basic_altar,
          grunt_decor_arrowhead
D:3:      layout_loops_corners, mainiacjoe_overflow_brackets,
          nicolae_vehumet_altar_sigil, mainiacjoe_overflow_catwalk_spiral,
          serial_shops, shop_statue, dreamdust_princess_corridor,
          minmay_lizard_king

Skill      XL: |  1  2  3 |
---------------+----------+-----
Fighting       | 1 |  1.1
Conjurations   | 2 |  2.2
Ranged Weapons | 1 |  1.5
Dodging        | |  2.4
Stealth        | |  2.4
Spellcasting   | |  3.8
Fire Magic     | |  3.9
Evocations     | |  0.5

Action                     |  1- 3 |  4- 6 || total
---------------------------+-------+-------++-------
   Fire: Sling             |    68 |    25 ||    93
   Cast: Foxfire           |    53 |       ||    53
         Scorch            |     6 |       ||     6
    Use: Scroll            |     4 |       ||     4
         Potion            |     1 |       ||     1
 Armour: Robe              |     7 |       ||     7
  Dodge: Dodged            |    22 |     2 ||    24
